AoeStats
← Alfons

Arabian Desert

510057096Analyzed
1v1 RM · 2d ago on Sep 29, 2026· 50m 35s· 2 players
Game mode
Random Map
Map size
Tiny (2 player)
Population
200
Speed
Normal
Resources
Standard
Victory
Conquest
Starting age
Dark Age
Ending age
Imperial Age
RankedLock teamsTeams togetherTeam positionsShared explorationLock speedFull tech treeHidden civsTurbo modeCheats
Victory
Defeat
🇳🇿 Huns · New Zealand
1133
+14
🇳🇴 Romans · Norway
1087
-14
brokenrice
7:27 Loom
10:03 Feudal Age
11:04 Double-Bit Axe
11:20 Horse Collar
22:25 Castle Age
22:33 Fletching
22:28 Crossbowman
23:58 Husbandry
25:15 Bloodlines
24:31 Light Cavalry
26:14 Bodkin Arrow
27:39 Stone Mining
27:39 Gold Mining
28:06 Padded Archer Armor
28:18 Bloodlines
30:42 Town Watch
31:33 Wheelbarrow
32:13 Forging
40:36 Imperial Age
39:51 Ballistics
40:10 Leather Archer Armor
40:10 Scale Barding Armor
41:38 Conscription
42:04 Thumb Ring
43:05 Bracer
43:26 Chain Barding Armor
45:23 Plate Barding Armor
45:24 Iron Casting
45:07 Hussar
47:23 Cavalier
50:40 Blast Furnace
Alfons
7:06 Loom
9:44 Feudal Age
11:01 Double-Bit Axe
12:38 Scale Mail Armor
13:03 Man-at-Arms
16:01 Wheelbarrow
18:06 Forging
21:56 Castle Age
22:06 Long Swordsman
23:10 Chain Mail Armor
25:06 Iron Casting
24:55 Squires
24:57 Fletching
25:58 Bow Saw
25:31 Horse Collar
27:40 Padded Archer Armor
27:35 Bodkin Arrow
29:58 Leather Archer Armor
30:34 Hand Cart
30:08 Town Watch
34:26 Gold Mining
34:01 Elite Skirmisher
38:20 Scale Barding Armor
39:11 Heavy Plow
44:55 Imperial Age
44:52 Ballistics
44:44 Masonry
46:58 Blast Furnace
46:28 Ring Archer Armor
45:40 Legionary
46:57 Conscription
46:28 Capped Ram
Connection lost

Rejoining the realm…

Still unreachable

The connection could not be restored.

Session expired

The server has moved on; the page needs a fresh start.